 Dungeon Crawl Stone Soup version 0.31.0-11-ge490571c62 (webtiles) character file.

Game seed: 1822951185094726743

107 Skitler the Covert (level 4, -1/41 HPs)
             Began as a Gnoll Delver on Feb 3, 2024.
             Slain by an ice beast (2 damage)
             ... on level 5 of the Dungeon.
             The game lasted 00:01:21 (593 turns).

Skitler the Covert (Gnoll Delver)                    Turns: 593, Time: 00:01:22

Health: -1/41      AC:  3    Str: 13    XL:     4   Next: 85%
Magic:  5/5        EV: 13    Int:  9    God:
Gold:   11         SH:  0    Dex: 14    Spells: 5/5 levels left

rFire   . . .        h - -2 war axe
rCold   . . .        (no shield)
rNeg    . . .        b - +0 leather armour
rPois   .            (no helmet)
rElec   .            (no cloak)
rCorr   .            (no gloves)
SInv    .            (no boots)
Will    .....        (no amulet)
Stlth   ++++         (no ring)
HPRegen 0.26/turn    (no ring)
MPRegen 0.09/turn

%: no passive effects
@: hasted, very quick
A: fangs 1, strong nose, distributed training
a: no special abilities


You were on level 5 of the Dungeon.
You visited 1 branch of the dungeon, and saw 1 of its levels.

You collected 11 gold pieces.

Inventory:

Hand Weapons
 a - a +0 hand axe
 h - a -2 war axe (weapon)
Armour
 b - a +0 leather armour (worn)
Wands
 g - a wand of digging (3)
Scrolls
 c - a scroll of fog
 d - a scroll of revelation
 e - a scroll of fear
 j - a scroll of poison {unknown}
Potions
 i - a potion of cancellation {unknown}


   Skills:
 + Level 6.6 Fighting
 + Level 1.3 Short Blades
 + Level 1.3 Long Blades
 + Level 4.7 Axes
 + Level 1.3 Maces & Flails
 + Level 1.3 Polearms
 + Level 1.3 Staves
 + Level 1.3 Ranged Weapons
 + Level 1.3 Throwing
 + Level 1.3 Armour
 + Level 4.7 Dodging
 + Level 9.6 Stealth
 + Level 1.3 Shields
 + Level 1.3 Unarmed Combat
 + Level 1.3 Spellcasting
 + Level 1.0 Conjurations
 + Level 1.0 Hexes
 + Level 1.0 Summonings
 + Level 1.0 Necromancy
 + Level 1.0 Translocations
 + Level 1.0 Fire Magic
 + Level 1.0 Ice Magic
 + Level 1.0 Air Magic
 + Level 1.0 Earth Magic
 + Level 1.0 Alchemy
 + Level 1.4 Invocations
 + Level 1.3 Evocations
 + Level 1.2 Shapeshifting


You had 5 spell levels left.
You didn't know any spells.
Your spell library was empty.

Dungeon Overview and Level Annotations

Branches:
Dungeon (5/15)
 Temple: D:4-7

Altars:
Zin


Innate Abilities, Weirdness & Mutations

You have very sharp teeth.
Your uncanny sense of smell can sniff out nearby items.
Your experience applies equally to all skills.


Message History

The ice beast hits you but does no damage.
You barely miss the ice beast.
The ice beast is lightly wounded.
You closely miss the ice beast.
The ice beast is lightly wounded.
The ice beast barely misses you.
You slash the ice beast!
The ice beast is heavily wounded.
The ice beast closely misses you.
You hit the ice beast. Your bite misses the ice beast.
The ice beast is heavily wounded.
The ice beast closely misses you.
You closely miss the ice beast. You punch the ice beast.
Your bite misses the ice beast.
The ice beast is heavily wounded.
You closely miss the ice beast.
The ice beast is heavily wounded.
The ice beast closely misses you.
You closely miss the ice beast.
The ice beast is heavily wounded.
The ice beast hits you but does no damage.
You hit the ice beast.
The ice beast is severely wounded.
The ice beast misses you.
You barely miss the ice beast.
The ice beast is severely wounded.
The ice beast barely misses you.
You hit the ice beast but do no damage. You bite the ice beast.
The ice beast is severely wounded.
The ice beast barely misses you.
You closely miss the ice beast.
The ice beast is severely wounded.
The ice beast hits you.
* * * LOW HITPOINT WARNING * * *
The ice beast freezes you!
* * * LOW HITPOINT WARNING * * *
You hit the ice beast but do no damage.
The ice beast is severely wounded.
The ice beast hits you.
You die...

................#
................# #.....
...............###......
.............####.......
............## #........
..........### ##........
..........# ##......S..
###.....### #.Y........
####### #.@.......
###........ ###
####...##>.... ..#
####.†..### ###. ..#
####....####
..###....####
.........## .##.##....##
.##..#.....#


You could see an ice beast and an adder (asleep).

Vanquished Creatures
  A scorpion (D:5)
  3 adders (D:5)
  4 orcs (D:5)
  8 bats (D:5)
16 creatures vanquished.

Notes
Turn   | Place    | Note
-------+----------+-------------------------------------------
     0 | D:5      | Reached skill level 9 in Stealth
     0 | D:5      | Skitler the Gnoll Delver began the quest for the Orb.
     0 | D:5      | Reached XP level 1. HP: 23/23 MP: 1/1
    33 | D:5      | Reached XP level 2. HP: 26/29 MP: 2/2
    37 | D:5      | Reached XP level 3. HP: 24/35 MP: 3/3
   139 | D:5      | Noticed a scorpion
   150 | D:5      | Killed a scorpion
   151 | D:5      | Reached skill level 1 in Short Blades
   151 | D:5      | Reached skill level 1 in Long Blades
   151 | D:5      | Reached skill level 1 in Maces & Flails
   151 | D:5      | Reached skill level 1 in Polearms
   151 | D:5      | Reached skill level 1 in Staves
   151 | D:5      | Reached skill level 1 in Ranged Weapons
   151 | D:5      | Reached skill level 1 in Throwing
   151 | D:5      | Reached skill level 1 in Armour
   151 | D:5      | Reached skill level 1 in Shields
   151 | D:5      | Reached skill level 1 in Unarmed Combat
   151 | D:5      | Reached skill level 1 in Spellcasting
   151 | D:5      | Reached skill level 1 in Conjurations
   151 | D:5      | Reached skill level 1 in Hexes
   151 | D:5      | Reached skill level 1 in Summonings
   151 | D:5      | Reached skill level 1 in Necromancy
   151 | D:5      | Reached skill level 1 in Translocations
   151 | D:5      | Reached skill level 1 in Fire Magic
   151 | D:5      | Reached skill level 1 in Ice Magic
   151 | D:5      | Reached skill level 1 in Air Magic
   151 | D:5      | Reached skill level 1 in Earth Magic
   151 | D:5      | Reached skill level 1 in Alchemy
   151 | D:5      | Reached skill level 1 in Invocations
   151 | D:5      | Reached skill level 1 in Evocations
   151 | D:5      | Reached skill level 1 in Shapeshifting
   151 | D:5      | Reached XP level 4. HP: 8/41 MP: 5/5
   157 | D:5      | HP: 2/41 [poisoned by a scorpion]
   337 | D:5      | Found a glowing silver altar of Zin.
   573 | D:5      | Noticed an ice beast
   592 | D:5      | HP: 1/41 [ice beast (11)]
   593 | D:5      | Slain by an ice beast

Illustrated notes

Levels and vault maps discovered:
D:5:      old_forge, layout_cave_pods, zin_academy

Skill      XL: |  1  2  3 |
---------------+----------+-----
Stealth        | |  9.6
Short Blades   | 1 |  1.3
Long Blades    | 1 |  1.3
Maces & Flails | 1 |  1.3
Polearms       | 1 |  1.3
Staves         | 1 |  1.3
Ranged Weapons | 1 |  1.3
Throwing       | 1 |  1.3
Armour         | 1 |  1.3
Shields        | 1 |  1.3
Unarmed Combat | 1 |  1.3
Spellcasting   | 1 |  1.3
Conjurations   | 1 |  1.0
Hexes          | 1 |  1.0
Summonings     | 1 |  1.0
Necromancy     | 1 |  1.0
Translocations | 1 |  1.0
Fire Magic     | 1 |  1.0
Ice Magic      | 1 |  1.0
Air Magic      | 1 |  1.0
Earth Magic    | 1 |  1.0
Alchemy        | 1 |  1.0
Invocations    | 1 |  1.4
Evocations     | 1 |  1.3
Shapeshifting  | 1 |  1.2
Fighting       | |  6.6
Axes           | |  4.7
Dodging        | |  4.7

Action                     |  1- 3 |  4- 6 || total
---------------------------+-------+-------++-------
  Melee: Hand axe          |    20 |       ||    20
         Bite              |     3 |     6 ||     9
         War axe           |    10 |    42 ||    52
         Punch             |       |     3 ||     3
    Use: Potion            |       |     1 ||     1
   Stab: Sleeping          |     3 |     2 ||     5
 Armour: Leather armour    |    15 |    21 ||    36
  Dodge: Dodged            |    27 |    24 ||    51
